AoeStats
← Szorinx

Arena

510379077Analyzed
4v4 RM · 1d ago on Sep 30, 2026· 85m 5s· 8 players
Game mode
Random Map
Map size
Large (8 player)
Population
200
Speed
Normal
Resources
Standard
Victory
Conquest
Starting age
Dark Age
Ending age
Imperial Age
RankedLock teamsTeams togetherTeam positionsShared explorationLock speedFull tech treeHidden civsTurbo modeCheats
Victory
Defeat
🇩🇪 Bohemians · Germany
1351
+14
🇹🇷 Magyars · Türkiye
1343
+14
🇩🇪 Saracens · Germany
1304
+16
🇸🇪 Malians · Sweden
1233
+19
🇺🇸 Sicilians · United States
1326
-17
🇮🇳 Dravidians · India
1309
-16
🇨🇱 Koreans · Chile
1284
-15
🇦🇷 Maya · Argentina
1283
-15
C_3PO
0:26 Loom
10:29 Feudal Age
14:20 Castle Age
13:18 Double-Bit Axe
16:29 Town Watch
19:04 Bow Saw
19:24 Gold Mining
21:04 Fletching
21:15 Padded Archer Armor
23:36 Bodkin Arrow
23:51 Horse Collar
25:01 Leather Archer Armor
27:58 Ballistics
27:48 Fortified Wall
27:48 Masonry
31:03 Wheelbarrow
33:28 Imperial Age
33:11 Hand Cart
34:58 Bracer
35:29 Ring Archer Armor
35:01 Heavy Plow
36:45 Chemistry
39:57 Crop Rotation
42:33 Scale Mail Armor
42:43 Forging
42:43 Eagle Warrior
44:10 Elite Eagle Warrior
46:22 Chain Mail Armor
46:42 Iron Casting
50:04 Plate Mail Armor
50:35 Blast Furnace
50:57 Squires
65:33 Pikeman
66:16 Halberdier
84:22 Two-Man Saw
chiwire
10:04 Feudal Age
8:55 Loom
14:16 Castle Age
12:23 Double-Bit Axe
15:12 Horse Collar
16:49 Town Watch
22:37 Scale Mail Armor
36:24 Bow Saw
38:12 Heavy Plow
39:17 Wheelbarrow
39:26 First Crusade
39:13 Gold Mining
40:48 Chain Mail Armor
40:44 Forging
41:02 Hand Cart
45:18 Imperial Age
43:46 Iron Casting
44:26 Gambesons
44:41 Squires
44:27 Arson
45:28 Elite Serjeant
46:29 Conscription
47:23 Plate Mail Armor
48:00 Capped Ram
48:46 Man-at-Arms
48:48 Pikeman
50:30 Blast Furnace
49:31 Siege Ram
50:30 Scale Barding Armor
50:45 Cavalier
51:37 Bloodlines
51:29 Husbandry
51:45 Light Cavalry
52:01 Halberdier
53:23 Chain Barding Armor
55:05 Plate Barding Armor
54:21 Fletching
54:55 Hauberk
57:22 Crop Rotation
67:07 Caravan
Diegote
9:49 Feudal Age
14:11 Castle Age
12:52 Loom
13:22 Double-Bit Axe
13:34 Gold Mining
22:37 Fletching
25:47 Bodkin Arrow
27:43 Wheelbarrow
33:21 Imperial Age
34:40 Conscription
35:10 Ballistics
35:19 Bracer
36:43 Hand Cart
38:54 Elite Fire Lancer
39:35 Squires
39:20 Arson
41:08 Scale Mail Armor
41:18 Forging
43:49 Iron Casting
43:29 Chain Mail Armor
43:19 Horse Collar
45:12 Heavy Plow
47:17 Plate Mail Armor
48:59 Chemistry
47:40 Treadmill Crane
49:23 Town Watch
53:19 Gold Shaft Mining
52:34 Stone Mining
52:57 Bow Saw
53:42 Clinker Construction
53:44 Masonry
53:42 Siege Engineers
56:18 Scale Barding Armor
56:39 Town Patrol
57:42 Elite War Wagon
58:54 Fortified Wall
59:24 Eupseong
59:44 Shinkichon
63:41 Elite Skirmisher
64:27 Thumb Ring
68:49 Chain Barding Armor
68:42 Capped Ram
76:10 Caravan
76:40 Coinage
76:21 Guilds
KingShark
11:10 Feudal Age
15:15 Castle Age
14:18 Double-Bit Axe
15:06 Horse Collar
16:47 Bow Saw
16:32 Gold Mining
21:42 Wheelbarrow
27:18 Imperial Age
25:21 Heavy Plow
25:19 Fletching
25:30 Padded Archer Armor
25:30 Town Watch
26:04 Hand Cart
26:02 Bodkin Arrow
26:19 Thumb Ring
27:13 Leather Archer Armor
27:20 Medical Corps
29:29 Chemistry
28:58 Ballistics
29:50 Bracer
33:44 Elite Elephant Archer
35:51 Ring Archer Armor
36:29 Conscription
58:11 Forging
58:07 Scale Barding Armor
58:01 Loom
58:30 Fortified Wall
58:08 Arrowslits
71:59 Chain Barding Armor
72:14 Iron Casting
71:45 Caravan
72:14 Guilds
81:02 Husbandry
Szorinx
11:03 Feudal Age
13:02 Horse Collar
13:38 Double-Bit Axe
15:56 Castle Age
18:32 Loom
40:21 Wheelbarrow
45:30 Imperial Age
43:18 Padded Archer Armor
43:46 Fortified Wall
45:36 Chemistry
44:48 Masonry
47:06 Leather Archer Armor
49:48 Ring Archer Armor
50:08 Hand Cart
50:06 Siege Engineers
49:23 Houfnice
51:03 Pikeman
51:44 Squires
52:25 Conscription
52:11 Scale Mail Armor
52:21 Forging
52:43 Halberdier
54:09 Chain Mail Armor
54:30 Iron Casting
56:05 Plate Mail Armor
62:49 Blast Furnace
62:21 Fletching
65:11 Caravan
65:22 Guilds
68:49 Town Watch
71:17 Elite Skirmisher
71:53 Bodkin Arrow
72:21 Ballistics
74:59 Fervor
81:33 Bracer
81:51 Wagenburg Tactics
85:36 Architecture
NotADuck
11:42 Feudal Age
15:33 Castle Age
14:25 Double-Bit Axe
16:43 Bow Saw
26:51 Imperial Age
25:06 Loom
26:20 Gold Mining
31:19 Gold Shaft Mining
31:31 Fletching
36:30 Counterweights
35:49 Elite Skirmisher
37:43 Padded Archer Armor
37:40 Bodkin Arrow
37:14 Onager
39:42 Leather Archer Armor
39:50 Bracer
42:38 Thumb Ring
45:52 Crossbowman
46:49 Arbalester
47:50 Stone Mining
56:13 Chemistry
56:10 Conscription
56:47 Scale Mail Armor
59:33 Squires
59:59 Pikeman
60:43 Horse Collar
62:07 Two-Man Saw
64:39 Bloodlines
64:25 Light Cavalry
65:05 Husbandry
66:54 Ballistics
66:40 Siege Engineers
66:07 Hussar
67:52 Scale Barding Armor
67:58 Forging
68:36 Wheelbarrow
67:46 Town Watch
68:51 Murder Holes
70:36 Hand Cart
71:46 Heavy Plow
74:02 Iron Casting
78:53 Fortified Wall
80:44 Caravan
82:16 Chain Barding Armor
82:57 Blast Furnace
Jesus_was_black
0:31 Loom
10:37 Feudal Age
15:31 Castle Age
14:22 Horse Collar
20:36 Forging
20:27 Scale Mail Armor
20:26 Gold Mining
21:44 Double-Bit Axe
22:36 Squires
28:07 Stone Mining
31:21 Arson
39:07 Imperial Age
Nghtly
10:39 Feudal Age
11:55 Loom
15:10 Castle Age
13:39 Double-Bit Axe
14:02 Horse Collar
27:31 Wheelbarrow
26:41 Town Watch
27:54 Gold Mining
27:54 Stone Mining
30:45 Imperial Age
28:22 Fletching
28:54 Thumb Ring
29:34 Gold Shaft Mining
29:12 Bow Saw
29:05 Heavy Plow
29:20 Bloodlines
29:10 Husbandry
29:29 Bodkin Arrow
29:58 Ballistics
30:10 Padded Archer Armor
31:51 Bracer
33:11 Chemistry
32:29 Leather Archer Armor
32:56 Parthian Tactics
32:28 Heavy Cavalry Archer
33:49 Ring Archer Armor
33:35 Light Cavalry
35:00 Scale Barding Armor
34:52 Hussar
36:02 Chain Barding Armor
37:37 Two-Man Saw
37:46 Plate Barding Armor
38:14 Recurve Bow
38:36 Conscription
38:06 Capped Ram
38:17 Elite Skirmisher
40:10 Masonry
39:22 Elite Magyar Huszar
40:27 Scale Mail Armor
41:35 Hand Cart
46:06 Corvinian Army
48:13 Siege Engineers
48:04 Murder Holes
55:40 Caravan
55:58 Cavalier
58:28 Town Patrol
61:59 Hoardings
85:11 Sappers
85:59 Chain Mail Armor
Connection lost

Rejoining the realm…

Still unreachable

The connection could not be restored.

Session expired

The server has moved on; the page needs a fresh start.